SA
SYRACUSE STORM @ ATHLETIC CLUB KC U-21
05/06/2029
 
TOP OF THE 1ST
Syracuse Storm batting - Pitching for Athletic Club KC U-21 : RHP Tetsunori Ikarashi
Pitching: RHP Tetsunori Ikarashi
Batting: RHB Scotty Smalls 0-0: Ball
1-0: Ground out 6-3 (Groundball, 6)
Batting: LHB António Paez 0-0: Ball
1-0: Ground out U3 (Groundball, 3)
Batting: RHB Tommy Caplinger 0-0: Ground out 6-3 (Groundball, 6D)
Top of the 1st over - 0 runs, 0 hits, 0 errors, 0 left on base; Syracuse 0 - Athletic Club KC 0
BOTTOM OF THE 1ST
Athletic Club KC U-21 batting - Pitching for Syracuse Storm : RHP Matthew Fallows
Pitching: RHP Matthew Fallows
Batting: LHB Chi-hun Chong 0-0: Called Strike
0-1: Ball
1-1: Ball
2-1: Foul Ball, location: 2F
2-2: SINGLE (Groundball, 34D)
Batting: LHB Abdallah Rweikiza 0-0: Called Strike
0-1: Ball
1-1: Called Strike
1-2: SINGLE (Line Drive, 4)
Chi-hun Chong to second
Batting: RHB Tae-kyun Chon 0-0: Foul Ball, location: 2F
0-1: Swinging Strike
0-2: Ball
1-2: Strikes out looking
Batting: LHB Ramón Morterero 0-0: Ball
1-0: Ball
2-0: SINGLE (Line Drive, 34D)
Chi-hun Chong to third
Abdallah Rweikiza to second
Runner from 3rd tries for Home, SAFE, no throw
Batting: RHB Colin Bottone 0-0: Ball
1-0: Ball
2-0: Fielders Choice at 2nd, 5-4 (Groundball, 56)
Abdallah Rweikiza to third
Batting: LHB Pablo Hernández 0-0: Called Strike
0-1: Foul Ball, location: 2F
0-2: Ball
1-2: Foul Ball, location: 2F
1-2: Foul Ball, location: 2F
1-2: Ground out 1-3 (Groundball, 13)
Bottom of the 1st over - 1 run, 3 hits, 0 errors, 2 left on base; Syracuse 0 - Athletic Club KC 1
TOP OF THE 2ND
Syracuse Storm batting - Pitching for Athletic Club KC U-21 : RHP Tetsunori Ikarashi
Batting: LHB Hirohisa Wada 0-0: Ball
1-0: Ground out U3 (Groundball, 3)
Batting: LHB Juan Jimínez 0-0: Called Strike
0-1: Fly out, F9 (Line Drive, 89M)
Batting: RHB Aethelwulf Haraldson 0-0: Ball
1-0: Ball
2-0: Called Strike
2-1: Foul Ball, location: 2F
2-2: Ball
3-2: Ground out 1-3 (Groundball, 13S)
Top of the 2nd over - 0 runs, 0 hits, 0 errors, 0 left on base; Syracuse 0 - Athletic Club KC 1
BOTTOM OF THE 2ND
Athletic Club KC U-21 batting - Pitching for Syracuse Storm : RHP Matthew Fallows
Batting: RHB Chee-hwa Tze 0-0: Ball
1-0: Foul Ball, location: 2F
1-1: Ball
2-1: Foul Ball, location: 2F
2-2: SINGLE (Groundball, 6MD)
Batting: RHB Roger Caffyn 0-0: Foul Ball, location: 2F
0-1: Called Strike
0-2: Ball
1-2: Ball
2-2: Fly out, F7 (Flyball, 7LM)
Batting: RHB Francisco Vigil 0-0: Called Strike
0-1: Ball
1-1: Ground out 4-3 (Groundball, 4S)
Chee-hwa Tze to second
Batting: LHB Chi-hun Chong 0-0: Ball
1-0: Fly out, F7 (Flyball, 78M)
Bottom of the 2nd over - 0 runs, 1 hit, 0 errors, 1 left on base; Syracuse 0 - Athletic Club KC 1
TOP OF THE 3RD
Syracuse Storm batting - Pitching for Athletic Club KC U-21 : RHP Tetsunori Ikarashi
Batting: RHB Harry MacCash 0-0: Ball
1-0: Called Strike
1-1: Foul Ball, location: 2F
1-2: Strikes out looking
Batting: RHB Tsuginori Kobayashi 0-0: Ball
1-0: Fly out, F8 (Flyball, 78D)
Batting: LHB Mike Clifton 0-0: Ball
1-0: Ball
2-0: Ball
3-0: Base on Balls
Batting: RHB Scotty Smalls 0-0: Called Strike
0-1: Called Strike
0-2: Foul Ball, location: 2F
0-2: Foul Ball, location: 2F
0-2: Ball
1-2: Ground out 6-3 (Groundball, 56D)
Top of the 3rd over - 0 runs, 0 hits, 0 errors, 1 left on base; Syracuse 0 - Athletic Club KC 1
BOTTOM OF THE 3RD
Athletic Club KC U-21 batting - Pitching for Syracuse Storm : RHP Matthew Fallows
Batting: LHB Abdallah Rweikiza 0-0: Ball
1-0: Ball
2-0: Swinging Strike
2-1: Ball
3-1: SINGLE (Groundball, 34D)
Batting: RHB Tae-kyun Chon 0-0: Ball
1-0: Ball
2-0: Ball
3-0: Called Strike
3-1: Foul Ball, location: 2F
3-2: Base on Balls
Abdallah Rweikiza to second
Batting: LHB Ramón Morterero 0-0: Ground out 4-3 (Groundball, 4S)
Abdallah Rweikiza to third
Tae-kyun Chon to second
Batting: RHB Colin Bottone 0-0: Ball
1-0: Ball
2-0: Swinging Strike
2-1: Foul Ball, location: 2F
2-2: Foul Ball, location: 2F
2-2: Ball
3-2: Foul Ball, location: 2F
3-2: SINGLE (Groundball, 6MD)
Abdallah Rweikiza scores
Tae-kyun Chon to third
Runner from 3rd tries for Home, SAFE, no throw
Batting: LHB Pablo Hernández 0-0: Ground out 5-3 (Groundball, 56S)
Colin Bottone to second
Batting: RHB Chee-hwa Tze 0-0: Ground out 6-3 (Groundball, 56)
Bottom of the 3rd over - 2 runs, 2 hits, 0 errors, 1 left on base; Syracuse 0 - Athletic Club KC 3
TOP OF THE 4TH
Syracuse Storm batting - Pitching for Athletic Club KC U-21 : RHP Tetsunori Ikarashi
Batting: LHB António Paez 0-0: Ball
1-0: SINGLE (Flyball, 78M)
Batting: RHB Tommy Caplinger 0-0: Called Strike
0-1: Foul Ball, location: 2F
0-2: Fielders Choice at 2nd, 6-4 (Groundball, 6)
Batting: LHB Hirohisa Wada 0-0: Ball
1-0: Ball
2-0: Ball
3-0: Base on Balls
Tommy Caplinger to second
Batting: LHB Juan Jimínez 0-0: Ball
1-0: SINGLE (Groundball, 4D)
Tommy Caplinger to third
Hirohisa Wada to second
Throwing error, E8
Tommy Caplinger scores
Hirohisa Wada to third
Juan Jimínez to second
Batting: RHB Aethelwulf Haraldson 0-0: Called Strike
0-1: Fly out, F9 (Flyball, 9)
Batting: RHB Harry MacCash 0-0: Ball
1-0: Swinging Strike
1-1: Ball
2-1: Ground out 6-3 (Groundball, 6)
Top of the 4th over - 1 run, 2 hits, 1 error, 2 left on base; Syracuse 1 - Athletic Club KC 3
BOTTOM OF THE 4TH
Athletic Club KC U-21 batting - Pitching for Syracuse Storm : RHP Matthew Fallows
Batting: RHB Roger Caffyn 0-0: DOUBLE (Flyball, 8RD)
Batting: RHB Francisco Vigil 0-0: Ball
1-0: Ball
2-0: Called Strike
2-1: Ground out 3-1 (Groundball, 34)
Roger Caffyn to third
Batting: LHB Chi-hun Chong 0-0: Ground out 3-1 (Groundball, 34)
Roger Caffyn scores
Batting: LHB Abdallah Rweikiza 0-0: Ball
1-0: Foul Ball, location: 2F
1-1: Ground out 4-3 (Groundball, 4)
Bottom of the 4th over - 1 run, 1 hit, 0 errors, 0 left on base; Syracuse 1 - Athletic Club KC 4
TOP OF THE 5TH
Syracuse Storm batting - Pitching for Athletic Club KC U-21 : RHP Tetsunori Ikarashi
Batting: RHB Tsuginori Kobayashi 0-0: Ball
1-0: Called Strike
1-1: Ball
2-1: Foul Ball, location: 2F
2-2: SINGLE (Flyball, 89S)
Batting: LHB Mike Clifton 0-0: Bunted foul
0-1: Ball
1-1: Bunt missed!
1-2: Ball
2-2: Grounds into double play, 6-4-3 (Groundball, 6M)
Batting: RHB Scotty Smalls 0-0: Fly out, F9 (Flyball, 89S)
Top of the 5th over - 0 runs, 1 hit, 0 errors, 0 left on base; Syracuse 1 - Athletic Club KC 4
BOTTOM OF THE 5TH
Athletic Club KC U-21 batting - Pitching for Syracuse Storm : RHP Matthew Fallows
Batting: RHB Tae-kyun Chon 0-0: Ball
1-0: Called Strike
1-1: SINGLE (Line Drive, 6D)
Batting: LHB Ramón Morterero 0-0: Ball
1-0: Called Strike
1-1: Ball
2-1: Ground out 5-3 (Groundball, 5S)
Tae-kyun Chon to second
Batting: RHB Colin Bottone 0-0: Called Strike
0-1: Fly out, F7 (Flyball, 7)
Batting: LHB Pablo Hernández 0-0: Ball
1-0: Ball
2-0: Called Strike
2-1: Fly out, F8 (Flyball, 89M)
Bottom of the 5th over - 0 runs, 1 hit, 0 errors, 1 left on base; Syracuse 1 - Athletic Club KC 4
TOP OF THE 6TH
Syracuse Storm batting - Pitching for Athletic Club KC U-21 : RHP Tetsunori Ikarashi
Batting: LHB António Paez 0-0: Ball
1-0: Called Strike
1-1: Ball
2-1: Ball
3-1: Called Strike
3-2: Strikes out looking
Batting: RHB Tommy Caplinger 0-0: Ball
1-0: Called Strike
1-1: Ball
2-1: Foul Ball, location: 2F
2-2: Ball
3-2: DOUBLE (Line Drive, 78D)
Batting: LHB Hirohisa Wada 0-0: Ball
1-0: Called Strike
1-1: Ball
2-1: Foul Ball, location: 2F
2-2: Strikes out swinging
Batting: LHB Juan Jimínez 0-0: Ball
1-0: DOUBLE (Flyball, 8LD)
Tommy Caplinger scores
Batting: RHB Aethelwulf Haraldson 0-0: Ball
1-0: Foul Ball, location: 2F
1-1: Swinging Strike
1-2: Ball
2-2: Ground out 1-3 (Groundball, 15S)
Top of the 6th over - 1 run, 2 hits, 0 errors, 1 left on base; Syracuse 2 - Athletic Club KC 4
BOTTOM OF THE 6TH
Athletic Club KC U-21 batting - Pitching for Syracuse Storm : RHP Matthew Fallows
Batting: RHB Chee-hwa Tze 0-0: DOUBLE (Flyball, 89D)
Batting: RHB Roger Caffyn 0-0: Intentional Walk
Batting: RHB Francisco Vigil 0-0: Bunted foul
0-1: Ball
1-1: Sac Bunt - play at first, batter OUT! 2-4
Chee-hwa Tze to third
Roger Caffyn to second
Batting: LHB Chi-hun Chong 0-0: Called Strike
0-1: Called Strike
0-2: Fly out, F7 (Line Drive, 7LM)
Runner from 3rd tags up, SCORES, throw made
Batting: LHB Abdallah Rweikiza 0-0: Ball
1-0: Foul Ball, location: 2F
1-1: Fly out, F9 (Flyball, 9D)
Bottom of the 6th over - 1 run, 1 hit, 0 errors, 1 left on base; Syracuse 2 - Athletic Club KC 5
TOP OF THE 7TH
Syracuse Storm batting - Pitching for Athletic Club KC U-21 : RHP Tetsunori Ikarashi
Now at 3B: José Hernández
Batting: RHB Harry MacCash 0-0: Ground out 6-3 (Groundball, 6)
Batting: RHB Tsuginori Kobayashi 0-0: Foul Ball, location: 2F
0-1: Ball
1-1: SINGLE (Groundball, 25) (infield hit)
Pitching: LHP Jeffrey Fluker
Batting: LHB Mike Clifton 0-0: Ball
1-0: Ball
2-0: Fly out, F8 (Flyball, 8LS)
Batting: RHB Scotty Smalls 0-0: Ball
Tsuginori Kobayashi is caught stealing 2nd base
Top of the 7th over - 0 runs, 1 hit, 0 errors, 0 left on base; Syracuse 2 - Athletic Club KC 5
BOTTOM OF THE 7TH
Athletic Club KC U-21 batting - Pitching for Syracuse Storm : RHP Matthew Fallows
Batting: RHB Tae-kyun Chon 0-0: Swinging Strike
0-1: Ball
1-1: Ball
2-1: Foul Ball, location: 2F
2-2: Ball
3-2: DOUBLE (Flyball, 78D)
Batting: LHB Ramón Morterero 0-0: Intentional Walk
Batting: RHB Colin Bottone 0-0: Ball
1-0: Foul Ball, location: 2F
1-1: DOUBLE (Line Drive, 89XD)
Tae-kyun Chon scores
Ramón Morterero to third
Runner from 3rd tries for Home, SAFE, throw made at trailing runner, OUT at third!
Pitching: RHP Manuel Montero
Batting: LHB Pablo Hernández 0-0: Ball
1-0: Swinging Strike
1-1: Foul Ball, location: 2F
1-2: Ball
2-2: Ball
3-2: Foul Ball, location: 2F
3-2: DOUBLE (Line Drive, 7LS)
Batting: RHB Chee-hwa Tze 0-0: Ball
1-0: Called Strike
1-1: Called Strike
1-2: Ball
2-2: Strikes out swinging
Batting: RHB Roger Caffyn 0-0: Swinging Strike
0-1: Ball
1-1: Foul Ball, location: 2F
1-2: Foul Ball, location: 2F
1-2: Foul Ball, location: 2F
1-2: Strikes out swinging
Bottom of the 7th over - 2 runs, 3 hits, 0 errors, 1 left on base; Syracuse 2 - Athletic Club KC 7
TOP OF THE 8TH
Syracuse Storm batting - Pitching for Athletic Club KC U-21 : LHP Jeffrey Fluker
Now at 2B: Ijsbrand van Hoogewegen
Now in CF: José Torres
Batting: RHB Scotty Smalls 0-0: Ball
1-0: Ball
2-0: Fly out, F7 (Flyball, 7)
Batting: LHB António Paez 0-0: Called Strike
0-1: Fly out, F8 (Flyball, 8RS)
Batting: RHB Tommy Caplinger 0-0: Ball
1-0: Ball
2-0: Called Strike
2-1: Foul Ball, location: 2F
2-2: Strikes out swinging
Top of the 8th over - 0 runs, 0 hits, 0 errors, 0 left on base; Syracuse 2 - Athletic Club KC 7
BOTTOM OF THE 8TH
Athletic Club KC U-21 batting - Pitching for Syracuse Storm : RHP Manuel Montero
Batting: RHB Francisco Vigil 0-0: Foul Ball, location: 2F
0-1: Ball
1-1: Swinging Strike
1-2: Strikes out swinging
Batting: LHB Chi-hun Chong 0-0: SINGLE (Line Drive, 6M)
Batting: RHB José Hernández 0-0: Foul Ball, location: 2F
0-1: Ball
1-1: Foul Ball, location: 2F
1-2: Ball
2-2: Strikes out swinging
Batting: RHB Tae-kyun Chon 0-0: Hit by Pitch
Chi-hun Chong to second
Batting: LHB Ramón Morterero 0-0: Called Strike
0-1: Ball
1-1: Foul Ball, location: 2F
1-2: SINGLE (Line Drive, 8LS)
Chi-hun Chong to third
Tae-kyun Chon to second
Runner from 3rd tries for Home, SAFE, no throw
Batting: SHB Ijsbrand van Hoogewegen 0-0: Called Strike
0-1: Ball
1-1: Ball
2-1: Foul Ball, location: 2F
2-2: Foul Ball, location: 2F
2-2: Foul Ball, location: 2F
2-2: Fly out, F9 (Flyball, 9)
Bottom of the 8th over - 1 run, 2 hits, 0 errors, 2 left on base; Syracuse 2 - Athletic Club KC 8
TOP OF THE 9TH
Syracuse Storm batting - Pitching for Athletic Club KC U-21 : LHP Jeffrey Fluker
Batting: LHB Hirohisa Wada 0-0: Ball
1-0: Called Strike
1-1: Ball
2-1: Called Strike
2-2: Strikes out swinging
Batting: LHB Juan Jimínez 0-0: Called Strike
0-1: Ball
1-1: Foul Ball, location: 2F
1-2: Ball
2-2: Foul Ball, location: 2F
2-2: Ball
3-2: Fly out, F6 (Line Drive, 6)
Batting: RHB Aethelwulf Haraldson 0-0: Called Strike
0-1: Foul Ball, location: 2F
0-2: Foul Ball, location: 2F
0-2: Ball
1-2: SINGLE (Groundball, 34D)
Batting: RHB Harry MacCash 0-0: Ball
1-0: SINGLE (Line Drive, 34D)
Aethelwulf Haraldson to second
Batting: RHB Tsuginori Kobayashi 0-0: Fielders Choice at 2nd, 6-4 (Groundball, 6)
Top of the 9th over - 0 runs, 2 hits, 0 errors, 2 left on base; Syracuse 2 - Athletic Club KC 8
Tuesday, December 19th, 2017 - OOTP Baseball 18.8 Build 76